[Event "*** Titled Tuesday Blitz"]
[Site "Chess.com"]
[Date "2020.05.26"]
[Round "7"]
[White "tsvet2005"]
[Black "TokChess"]
[Result "1-0"]
[WhiteElo "2535"]
[BlackElo "2352"]
[TimeControl "180+1"]
[EndTime "11:17:37 PDT"]
[Termination "tsvet2005 won by resignation"]

1. d4 Nf6 2. c4 g6 3. Nc3 d5 4. Nf3 Bg7 5. h4 Nc6 6. cxd5 Nxd5 7. h5 Nxc3 8. bxc3 e5 9. d5 Ne7 10. e4 Bg4 11. h6 Bf6 12. Be2 O-O 13. Be3 Qd7 14.
O-O b6 15. Nxe5 Bxe2 16. Nxd7 Bxd1 17. Nxf6+ Kh8 18. Rfxd1 1-0

[Event "*** Titled Tuesday Blitz"]
[Site "Chess.com"]
[Date "2020.05.26"]
[Round "7"]
[White "Atanejhad"]
[Black "Tall-guy"]
[Result "0-1"]
[WhiteElo "2435"]
[BlackElo "2153"]
[TimeControl "180+1"]
[EndTime "11:17:43 PDT"]
[Termination "Tall-guy won by resignation"]

1. d4 d5 2. c4 c6 3. Nf3 Nf6 4. Nc3 dxc4 5. a4 Bf5 6. Ne5 e6 7. f3 Bb4 8. e4 Bxe4 9. fxe4 Nxe4 10. Qf3 Qxd4 11. Qxf7+ Kd8 12. Qxg7 Bxc3+ 13. bxc3 Qf2+ 0-1

[Event "*** Titled Tuesday Blitz"]
[Site "Chess.com"]
[Date "2020.05.26"]
[Round "7"]
[White "yamalchess"]
[Black "crossingthestreet"]
[Result "1-0"]
[WhiteElo "2494"]
[BlackElo "2247"]
[TimeControl "180+1"]
[EndTime "11:17:48 PDT"]
[Termination "yamalchess won by resignation"]

1. d4 e6 2. c4 Nf6 3. Nc3 Bb4 4. Nf3 d5 5. g3 O-O 6. Bg2 dxc4 7. O-O a6 8. Ne5 c5 9. dxc5 Qc7 10. Nxc4 Bxc5 11. Bf4 Bxf2+ 12. Rxf2 Qxc4 13. Rc1 Qb4 14. Bd6 Qb6 15. Na4 Qd8 16. Bxf8 Qxf8 17. Nb6 Nbd7 18. Nxa8 b5 19. Qd4 e5 20. Qc3 1-0

[Event "*** Titled Tuesday Blitz"]
[Site "Chess.com"]
[Date "2020.05.26"]
[Round "7"]
[White "Bigfish1995"]
[Black "HarutyunianTigranK"]
[Result "1-0"]
[WhiteElo "3016"]
[BlackElo "2699"]
[TimeControl "180+1"]
[EndTime "11:17:51 PDT"]
[Termination "Bigfish1995 won by resignation"]

1. e4 e5 2. Nf3 Nc6 3. Bc4 Bc5 4.
c3 Nf6 5. d3 O-O 6. O-O a5 7.
Be3 Bxe3 8. fxe3 h6 9. Nh4 d6 10. Nf5 Bxf5 11. Rxf5 Ne7 12. Rf2 Ng6 13. Nd2 c6 14. a4 d5 15. exd5 cxd5 16. Bb3 Qb6 17. Qe2 Nd7 18. Bxd5 Qxb2 19. Raf1 Nf6 20. Ne4 Qxe2 21.
Nxf6+ gxf6 22. Rxe2 Rad8 23. c4 Kg7 24. Rb2 Ne7 25.
e4 Nxd5 26. exd5 Rd7 27. Rb6 Rc8 28. Re1 h5 29. Kf2 Kg6 30. Ke3 Kg5 31. Reb1 Rcc7 32.
Ke4 h4 33. Rf1 1-0

[Event "*** Titled Tuesday Blitz"]
[Site "Chess.com"]
[Date "2020.05.26"]
[Round "7"]
[White "Lucas_Tomiello"]
[Black "oykuince"]
[Result "0-1"]
[WhiteElo "2264"]
[BlackElo "2047"]
[TimeControl "180+1"]
[EndTime "11:17:52 PDT"]
[Termination "oykuince won by resignation"]

1. e4 c5 2. Nf3 e6 3. d4 cxd4 4. Nxd4 Nc6 5. Nc3 Qc7 6. Be3 a6 7. a3 b5 8. f4 Bb7 9. Nxc6 Bxc6 10. Bd3 d6 11. O-O Nf6 12. Qd2 Be7 13. Rae1 O-O 14. h3 Rac8 15. g4 Qb7 16. Bd4 d5 17. e5 Ne4 18. Bxe4 dxe4 19. f5 Rfd8 20. Qe3 Be8 21.
Kh2 Rc4 22. Rd1 h6 23. f6 Bf8 24. fxg7 Bxg7 25. b3 Rcxd4 26. Rxd4 Bxe5+ 27. Kg2 Bxd4 28. Qxe4 0-1

[Event "*** Titled Tuesday Blitz"]
[Site "Chess.com"]
[Date "2020.05.26"]
[Round "7"]
[White "Kobalia"]
[Black "Xtrmntr78"]
[Result "1-0"]
[WhiteElo "2778"]
[BlackElo "2437"]
[TimeControl "180+1"]
[EndTime "11:17:59 PDT"]
[Termination "Kobalia won by resignation"]

1. e4 e5 2. Nf3 d5 3. Nxe5 Bd6 4. d4 dxe4 5. Qe2 Nf6 6. Bg5 Bf5 7. Nc3 O-O 8. g4 Bg6 9. h4 Bxe5 10. dxe5 h6 11. Rd1 Qe8 12. exf6 hxg5 13. hxg5 Qe5 14. Qe3 gxf6 15.
gxf6 Qxf6 16. Nd5 Qe5 17. f4 Qd6 18. f5 c6 19. f6 1-0

[Event "*** Titled Tuesday Blitz"]
[Site "Chess.com"]
[Date "2020.05.26"]
[Round "7"]
[White "zajka-molotok"]
[Black "Herracek"]
[Result "1-0"]
[WhiteElo "2387"]
[BlackElo "2548"]
[TimeControl "180+1"]
[EndTime "11:18:01 PDT"]
[Termination "zajka-molotok won by resignation"]

1. d4 Nf6 2. c4 e5 3. dxe5 Ng4 4. Bf4 g5 5. Bg3 Nc6 6. Nf3 Bg7 7. h4 Ngxe5 8. Nxe5 Nxe5 9. hxg5 Nxc4 10. Nc3 c6 11. Qb3 d5 12. e4 Qxg5 13. Bxc4 dxc4 14. Qxc4 Be6 15. Qe2 O-O-O 16. Bh4 Qa5 17. O-O Rd4 18. Rac1 Bc4 19. Qg4+ 1-0

[Event "*** Titled Tuesday Blitz"]
[Site "Chess.com"]
[Date "2020.05.26"]
[Round "7"]
[White "wild_cat99"]
[Black "avantage_ru"]
[Result "0-1"]
[WhiteElo "2557"]
[BlackElo "2721"]
[TimeControl "180+1"]
[EndTime "11:18:12 PDT"]
[Termination "avantage_ru won by resignation"]

1. Nf3 h6 2. d4 g5 3. e4 Bg7 4. c4 d6 5. Be3 e6 6. Nc3 Nd7 7. Be2 b6 8. h3 Bb7 9. Rc1 Ne7 10. b4 a5 11. b5 Ng6 12. g3 O-O 13. O-O f5 14. exf5 exf5 15. Qc2 Rf7 16. Nh2 Ndf8 17. Bf3 Bxf3 18. Nxf3 f4 19. Bd2 fxg3 20. fxg3 Qd7 21. Kg2 g4 22. hxg4 Qxg4 23. Nh2 Qxd4 24. Rxf7 Kxf7 25.
Rf1+ Kg8 26. Ne2 Qe5 27. Bc3 Qe7 28. Bxg7 Kxg7 29. Qe4 Qxe4+ 0-1

[Event "*** Titled Tuesday Blitz"]
[Site "Chess.com"]
[Date "2020.05.26"]
[Round "7"]
[White "Danfii"]
[Black "Semen_Khanin"]
[Result "0-1"]
[WhiteElo "2426"]
[BlackElo "2714"]
[TimeControl "180+1"]
[EndTime "11:18:14 PDT"]
[Termination "Semen_Khanin won by resignation"]

1. e4 c5 2. Nf3 e6 3. d4 cxd4 4. Nxd4 Nc6 5. Nc3 Qc7 6. Be3 a6 7. Qf3 Nf6 8. O-O-O h5 9. Qg3 Qxg3 10. hxg3 Ng4 11. Nxc6 Nxe3 12. fxe3 dxc6 13. Be2 e5 14.
Rxh5 Rxh5 15. Bxh5 Be6 16. a3 Bc5 17. Re1 b5 18. Nb1 Ke7 19. Nd2 Rh8 20. Bf3 g5 21.
Bd1 a5 22. Nf3 f6 23. Kd2 a4 24. Ke2 Rd8 25. Kf2 g4 26. Nh4 Rd2+ 27. Be2 Rxc2 28. Nf5+ Bxf5 29. exf5 Rxb2 30. Rc1 Kd6 0-1

[Event "*** Titled Tuesday Blitz"]
[Site "Chess.com"]
[Date "2020.05.26"]
[Round "7"]
[White "Giraffe_Chess"]
[Black "JTCoach"]
[Result "0-1"]
[WhiteElo "2417"]
[BlackElo "2650"]
[TimeControl "180+1"]
[EndTime "11:18:20 PDT"]
[Termination "JTCoach won by resignation"]

1. d4 Nf6 2. c4 e6 3. Nf3 c5 4. d5 exd5 5. cxd5 d6 6. Nc3 g6 7. e4 Bg7 8. Nd2 O-O 9. Be2 Na6 10. O-O Nc7 11. Re1 Re8 12. Bf1 Rb8 13. a4 a6 14. a5 Bd7 15. Nc4 Bb5 16. Nb6 Bxf1 17. Kxf1 Nb5 18. f3 Nd4 19. Ne2 Nh5 20. Be3 Qh4 21. Kg1 Be5 22. g3 Nxf3+ 23. Kg2 Nxe1+ 24. Qxe1 Qxe4+ 25. Kf2 Bxb2 0-1

[Event "*** Titled Tuesday Blitz"]
[Site "Chess.com"]
[Date "2020.05.26"]
[Round "7"]
[White "Alexandercs432"]
[Black "nitpicker"]
[Result "0-1"]
[WhiteElo "2121"]
[BlackElo "2292"]
[TimeControl "180+1"]
[EndTime "11:18:22 PDT"]
[Termination "nitpicker won by resignation"]

1. e4 c5 2. Nf3 e6 3. d4 cxd4 4. Nxd4 a6 5. g3 Qc7 6. Bg2 Nf6 7. O-O Nc6 8. Nxc6 bxc6 9. Be3 Be7 10. c4 d6 11. Nc3 Bb7 12. Rc1 c5 13. Re1 O-O 14. h3 Bc6 15. Qd2 Rab8 16. Rcd1 Qb7 17. b3 Nxe4 18. Nxe4 Bxe4 19. Bxe4 Qxe4 20. Bxc5 Qf5 21.
Bxd6 Rfd8 22. Qf4 Rxd6 23. Rxd6 Qxf4 24. gxf4 Bxd6 25. Rd1 Bxf4 0-1

[Event "*** Titled Tuesday Blitz"]
[Site "Chess.com"]
[Date "2020.05.26"]
[Round "7"]
[White "MomchilPetkov"]
[Black "temus_galaktionov"]
[Result "0-1"]
[WhiteElo "2543"]
[BlackElo "2703"]
[TimeControl "180+1"]
[EndTime "11:18:24 PDT"]
[Termination "temus_galaktionov won by resignation"]

1. d4 c6 2. c4 g6 3. e4 Bg7 4.
Nc3 d6 5. Be3 Nd7 6. Nf3 e5 7.
dxe5 dxe5 8. Be2 Ngf6 9. h3 Qe7 10. O-O O-O 11. Qc2 Nh5 12. Rfd1 Nc5 13. b4 Ne6 14. c5 Nhf4 15. Bf1 Qf6 16. Kh2 h6 17. Ng1 Nd4 18. Qc1 Be6 19. g3 Nh5 20. Bg2 Rfd8 21. Nce2 a5 22. Bxh6 Nxe2 23. Nxe2 Rxd1 24. Qe3 Bxh6 25.
Qxh6 Rxa1 0-1

[Event "*** Titled Tuesday Blitz"]
[Site "Chess.com"]
[Date "2020.05.26"]
[Round "7"]
[White "attack2mateU"]
[Black "BLITZMASTER"]
[Result "1-0"]
[WhiteElo "2681"]
[BlackElo "2496"]
[TimeControl "180+1"]
[EndTime "11:18:25 PDT"]
[Termination "attack2mateU won by resignation"]

1. e4 e5 2. Nf3 Nc6 3. Bb5 a6 4. Ba4 Nf6 5. O-O b5 6. Bb3 Bb7 7. Re1 Bc5 8. c3 d6 9. d4 Bb6 10. a4 O-O 11. Na3 Na5 12. Bc2 exd4 13. cxd4 b4 14.
Nb1 Re8 15. Bg5 h6 16. Bh4 g5 17. Nxg5 hxg5 18. Bxg5 Kg7 19. Re3 Nc6 20. Rg3 Bxd4 21. Bh6+ Kxh6 22. Qd2+ Kh7 23. e5+ 1-0

[Event "*** Titled Tuesday Blitz"]
[Site "Chess.com"]
[Date "2020.05.26"]
[Round "7"]
[White "DenLaz"]
[Black "StockholmMissile"]
[Result "0-1"]
[WhiteElo "2629"]
[BlackElo "2429"]
[TimeControl "180+1"]
[EndTime "11:18:25 PDT"]
[Termination "StockholmMissile won by resignation"]

1. d4 d5 2. c4 c6 3. Nf3 Nf6 4.
e3 a6 5. Nbd2 Bg4 6. h3 Bh5 7.
g4 Bg6 8. Ne5 Nbd7 9. Nxg6 hxg6 10. Bg2 e6 11. O-O Be7 12. f4 O-O 13. b3 c5 14. Bb2 cxd4 15. Bxd4 Bc5 16. g5 Bxd4 17.
exd4 Nh5 18. c5 Qc7 19. Qf3 b6 20. b4 a5 21. f5 Ng3 22. fxe6 fxe6 23. Qg4 Nxf1 24.
Qxe6+ Kh8 25. Nxf1 axb4 26. Qxg6 Nf6 27. gxf6 Rxf6 28.
Qg3 Rxf1+ 0-1

[Event "*** Titled Tuesday Blitz"]
[Site "Chess.com"]
[Date "2020.05.26"]
[Round "7"]
[White "bazar-wokzal"]
[Black "DanielDardha2005"]
[Result "0-1"]
[WhiteElo "2474"]
[BlackElo "2657"]
[TimeControl "180+1"]
[EndTime "11:18:27 PDT"]
[Termination "DanielDardha2005 won by resignation"]

1. e4 c5 2. c3 Nf6 3. e5 Nd5 4. Bc4 e6 5. d4 cxd4 6. cxd4 d6 7. f4 Nc6 8. Nf3 dxe5 9. fxe5 Bb4+ 10. Kf2 O-O 11.
h4 f6 12. exf6 Qxf6 13. Bg5 Qxd4+ 14. Qxd4 Nxd4 15. Nd2 h6 16. Bxd5 hxg5 17. Nb3 Nxf3 18. Bxf3 g4 19. Rad1 gxf3 20. gxf3 b6 21. Rh3 Bb7 22. Rd7 Rf7 23. Rxf7 Kxf7 24. h5 Rc8 25. h6 Rc2+ 26. Ke3 gxh6 27. Rxh6 Bd5 28. Rh7+ Kf6 29. Nd4 Bc5 30. Kd3 Rxb2 31. Rxa7 Bxd4 32. Kxd4 Rxa2 33.
Rh7 Ra4+ 34. Ke3 Ra3+ 35. Kf4 Rxf3+ 36. Kg4 Rf5 0-1

[Event "*** Titled Tuesday Blitz"]
[Site "Chess.com"]
[Date "2020.05.26"]
[Round "7"]
[White "SiddharthGMJagadeesh"]
[Black "Fins0905"]
[Result "0-1"]
[WhiteElo "2412"]
[BlackElo "2646"]
[TimeControl "180+1"]
[EndTime "11:18:29 PDT"]
[Termination "Fins0905 won by resignation"]

1. d4 d5 2. c4 c6 3. Nf3 Nf6 4.
Qb3 dxc4 5. Qxc4 Bg4 6. Nbd2 Nbd7 7. g3 e6 8. Bg2 Be7 9. O-O O-O 10. b3 a5 11. Bb2 a4 12. h3 Bh5 13. g4 Bg6 14.
Nh4 a3 15. Nxg6 axb2 16. Nxe7+ Qxe7 17. Rab1 Rxa2 18. Qc2 e5 19. dxe5 Nxe5 20. Rxb2 Rxb2 21. Qxb2 h5 22. g5 Nd5 23. Ne4 Nf4 24. Qc3 Nxe2+ 0-1

[Event "*** Titled Tuesday Blitz"]
[Site "Chess.com"]
[Date "2020.05.26"]
[Round "7"]
[White "maciek_92"]
[Black "korbul"]
[Result "0-1"]
[WhiteElo "2804"]
[BlackElo "2614"]
[TimeControl "180+1"]
[EndTime "11:18:30 PDT"]
[Termination "korbul won by resignation"]

1. e4 c5 2. Nf3 e6 3. d4 cxd4 4. Nxd4 Nf6 5. Nc3 d6 6. g3 Be7 7. Bg2 O-O 8. O-O a6 9. Re1 Qc7 10. a4 Nc6 11. Nde2 b6 12. h3 Bb7 13. b3 Rad8 14.
g4 Nd7 15. Be3 Nc5 16. f4 Nb4 17. Qd2 d5 18. e5 Ne4 19. Nxe4 dxe4 20. Nd4 Nd5 21.
c3 Qxc3 22. Bxe4 Qxd2 23. Bxd2 Bc5 24. Be3 Nxe3 25. Bxb7 Bxd4 0-1

[Event "*** Titled Tuesday Blitz"]
[Site "Chess.com"]
[Date "2020.05.26"]
[Round "7"]
[White "DrBergerBerger"]
[Black "imdarealist"]
[Result "1-0"]
[WhiteElo "2361"]
[BlackElo "2205"]
[TimeControl "180+1"]
[EndTime "11:18:39 PDT"]
[Termination "DrBergerBerger won by resignation"]

1. e4 e5 2. Nf3 Nf6 3. d4 Nxe4 4. Bd3 Nc6 5. dxe5 d5 6. O-O Bf5 7. Nbd2 Be7 8. Qe2 Bg4 9. Bxe4 Nd4 10. Qe3 Ne6 11. Bd3 Bc5 12. Qe1 Nf4 13. Nb3 Nxg2 14. Kxg2 Bxf3+ 15. Kxf3 Qh4 16. Nxc5 Qh5+ 17. Ke3 d4+ 18.
Kd2 1-0

[Event "*** Titled Tuesday Blitz"]
[Site "Chess.com"]
[Date "2020.05.26"]
[Round "7"]
[White "Mikhal867"]
[Black "Koalaskakistis"]
[Result "1-0"]
[WhiteElo "2201"]
[BlackElo "2438"]
[TimeControl "180+1"]
[EndTime "11:18:41 PDT"]
[Termination "Mikhal867 won by resignation"]

1. c4 f5 2. b3 d6 3. d4 Nf6 4. Bb2 g6 5. d5 Bg7 6. h4 c6 7.
Nc3 cxd5 8. Nxd5 Nbd7 9. Nf3 O-O 10. e3 e6 11. Nxf6+ Nxf6 12. Bd3 Ng4 13. Bxg7 Kxg7 14. Qd2 e5 15. Ng5 h6 16. Nh3 e4 17. Be2 Ne5 18.
Nf4 Qf6 19. Rd1 Bd7 20. Qxd6 Nd3+ 21. Rxd3 exd3 22. Qxd7+ Rf7 23. Qxd3 Qa1+ 24. Qd1 Qc3+ 25. Qd2 Qa1+ 26. Bd1 Rd8 27. Nd5 b5 28. O-O bxc4 29.
bxc4 Rb7 30. Bb3 Qe5 31. Qd4 Qxd4 32. exd4 1-0

[Event "*** Titled Tuesday Blitz"]
[Site "Chess.com"]
[Date "2020.05.26"]
[Round "7"]
[White "Keks2017"]
[Black "Hydrargyrum_Girl"]
[Result "1-0"]
[WhiteElo "2550"]
[BlackElo "2364"]
[TimeControl "180+1"]
[EndTime "11:18:42 PDT"]
[Termination "Keks2017 won by resignation"]

1. e4 d5 2. exd5 Nf6 3. Nf3 Nxd5 4. d4 g6 5. c4 Nf6 6. Nc3 Bg7 7. h3 O-O 8. Be2 a6 9. O-O b6 10. Ne5 Bb7 11.
Bf3 Bxf3 12. Qxf3 Ra7 13. Rd1 Nfd7 14. Bf4 Nxe5 15. dxe5 Qc8 16. Nd5 Nc6 17. Qe4 Qe6 18. Re1 a5 19. b3 Nb4 20. Bg3 Nxd5 21. cxd5 Qd7 22. Rac1 e6 23. d6 cxd6 24. exd6 Rc8 25. Qe3 Rb7 26. Red1 Bf8 27. Be5 Rbb8 28. Qd4 Rc6 29.
Rxc6 Qxc6 30. d7 Rd8 31. Bf6 1-0

[Event "*** Titled Tuesday Blitz"]
[Site "Chess.com"]
[Date "2020.05.26"]
[Round "7"]
[White "Elbek_Jumanov"]
[Black "swisspower96"]
[Result "0-1"]
[WhiteElo "2407"]
[BlackElo "2599"]
[TimeControl "180+1"]
[EndTime "11:18:45 PDT"]
[Termination "swisspower96 won by resignation"]

1. c4 e5 2. g3 Nf6 3. Bg2 Bc5 4. Nc3 c6 5. e3 O-O 6. Nge2 d5 7. cxd5 Nxd5 8. d4 exd4 9. Nxd4 Nxc3 10. bxc3 Nd7 11.
O-O Nf6 12. Rb1 Re8 13. Qc2 Qc7 14. a4 Bg4 15. Qa2 h5 16. Ba3 Bxd4 17. cxd4 h4 18.
Rfc1 Qd7 19. Qb3 Rab8 20. Bc5 Be6 21. Qb2 b6 22. Ba3 Bd5 23. Qe2 Qf5 24. Bxd5 cxd5 25. Rc7 Qxb1+ 0-1

[Event "*** Titled Tuesday Blitz"]
[Site "Chess.com"]
[Date "2020.05.26"]
[Round "7"]
[White "Julianos82"]
[Black "manuellarrea"]
[Result "1-0"]
[WhiteElo "2313"]
[BlackElo "2170"]
[TimeControl "180+1"]
[EndTime "11:18:48 PDT"]
[Termination "Julianos82 won by resignation"]

1. d4 Nf6 2. Nf3 e6 3. Bg5 h6 4. Bh4 d5 5. Nbd2 Be7 6. e3 O-O 7. Bd3 c5 8. c3 b6 9. Ne5 Bb7 10. Qf3 Nbd7 11. Nxd7 Nxd7 12. Bg3 Bf6 13. Qh5 Re8 14.
f4 a5 15. Nf3 Ba6 16. Bc2 b5 17. O-O b4 18. Rf2 bxc3 19. bxc3 Rb8 20. Ne5 Nxe5 21.
fxe5 Bg5 22. Qxf7+ Kh8 23. Qg6 1-0

[Event "*** Titled Tuesday Blitz"]
[Site "Chess.com"]
[Date "2020.05.26"]
[Round "7"]
[White "FMOlexandrProhorov"]
[Black "Kate1606"]
[Result "0-1"]
[WhiteElo "2068"]
[BlackElo "1548"]
[TimeControl "180+1"]
[EndTime "11:18:49 PDT"]
[Termination "Kate1606 won by resignation"]

1. Nf3 c5 2. e4 g6 3. c3 Bg7 4. d4 cxd4 5. cxd4 d5 6. e5 Bg4 7. Nbd2 Bxf3 8. Nxf3 e6 9. Bb5+ Nd7 10. O-O a6 11. Bg5 Ne7 12. Bd3 O-O 13. Rc1 f6 14. exf6 Nxf6 15. Re1 Qd6 16. Ne5 Nf5 17. Bxf5 exf5 18.
Qb3 Ne4 19. Bf4 g5 20. Nd3 gxf4 21. Qxb7 Bxd4 22. Rc7 Rab8 23. Qc6 Qxc6 24. Rxc6 Rfc8 25. Rec1 Rxc6 26. Rxc6 Nxf2 0-1

[Event "*** Titled Tuesday Blitz"]
[Site "Chess.com"]
[Date "2020.05.26"]
[Round "7"]
[White "Saxar85"]
[Black "ErikBlomqvist"]
[Result "1-0"]
[WhiteElo "2703"]
[BlackElo "2464"]
[TimeControl "180+1"]
[EndTime "11:18:57 PDT"]
[Termination "Saxar85 won by resignation"]

1. Nf3 c5 2. g3 b6 3. Bg2 Bb7 4. O-O Nf6 5. d3 e6 6. e4 d5 7. Nbd2 Be7 8. Qe2 Nc6 9. c3 Qc7 10. Re1 h6 11. a4 dxe4 12. dxe4 Rd8 13. e5 Nd5 14. Nc4 O-O 15. Qe4 Na5 16. Nxa5 bxa5 17.
Qg4 Kh7 18. Qh5 Rd7 19. g4 f6 20. Nh4 fxe5 21. Bxh6 gxh6 22. Be4+ 1-0

[Event "*** Titled Tuesday Blitz"]
[Site "Chess.com"]
[Date "2020.05.26"]
[Round "7"]
[White "LuckSlayeer"]
[Black "theblitzchamp"]
[Result "0-1"]
[WhiteElo "2469"]
[BlackElo "2687"]
[TimeControl "180+1"]
[EndTime "11:18:59 PDT"]
[Termination "theblitzchamp won by checkmate"]

1. Nf3 Nf6 2. c4 g6 3. Nc3 Bg7 4. e4 d6 5. d4 O-O 6. Be2 e5 7.
O-O Nc6 8. d5 Ne7 9. b4 Nd7 10.
Nd2 f5 11. f3 f4 12. Ba3 Rf7 13. c5 Bf8 14. Nc4 Nf6 15. cxd6 cxd6 16. b5 Ne8 17. Bb4 g5 18. Qb3 h5 19. Qa3 Ng6 20. b6 a6 21.
Rac1 g4 22. Kh1 g3 23. h3 Qh4 24. Nxd6 Bxh3 25. Bxa6 Bxg2+ 26. Kg1 Qh2# 0-1

[Event "*** Titled Tuesday Blitz"]
[Site "Chess.com"]
[Date "2020.05.26"]
[Round "7"]
[White "archess2"]
[Black "VitaliyBernadskiy"]
[Result "0-1"]
[WhiteElo "2299"]
[BlackElo "2705"]
[TimeControl "180+1"]
[EndTime "11:19:03 PDT"]
[Termination "VitaliyBernadskiy won by resignation"]

1. d4 Nf6 2. c4 c5 3. d5 b5 4.
cxb5 a6 5. b6 d6 6. Nc3 Nbd7 7.
a4 Qxb6 8. a5 Qb7 9. e4 g6 10. Nf3 Bg7 11. Nd2 O-O 12. Nc4 Rb8 13.
Bd3 Ne8 14. O-O Nc7 15. Na4 Nb5 16. Ncb6 Nd4 17. Be3 Nxb6 18. Nxb6 Bd7 19. Bxd4 Bxd4 20. Qe2 Bc8 21. Nxc8 Qxc8 22. Bxa6 Qc7 23. Bb5 Qa7 24.
h4 Rb7 25. h5 Rfb8 26. Bc6 Rxb2 27. Qg4 c4 28. hxg6 hxg6 29. Qf3 R8b3 30. Qh3 Rxf2 31.
Qc8+ Kg7 32. Rxf2 Bxa1 33. Qe8 Rb1+ 34. Kh2 Be5+ 35. Kh3 Qxf2 0-1

[Event "*** Titled Tuesday Blitz"]
[Site "Chess.com"]
[Date "2020.05.26"]
[Round "7"]
[White "CyberdelChess"]
[Black "robertofabregas"]
[Result "1-0"]
[WhiteElo "2296"]
[BlackElo "2113"]
[TimeControl "180+1"]
[EndTime "11:19:04 PDT"]
[Termination "CyberdelChess won by resignation"]

1. e4 c5 2. Nf3 d6 3. d4 cxd4 4. Nxd4 Nf6 5. Nc3 e6 6. Bg5 Be7 7. Qf3 a6 8. O-O-O Qc7 9. Qg3 e5 10. Bxf6 Bxf6 11. Nd5 Qd8 12. Nf5 Bxf5 13. exf5 Nc6 14.
Bc4 b5 15. Bb3 Ne7 16. Nxf6+ gxf6 17. Qg7 Rf8 18. Qxf6 Nc6 19. Qxd6 Qxd6 20. Rxd6 Nd4 21. f6 a5 22. Re1 Rg8 23. Rxe5+ 1-0

[Event "*** Titled Tuesday Blitz"]
[Site "Chess.com"]
[Date "2020.05.26"]
[Round "7"]
[White "FMchesstrainer"]
[Black "seastar"]
[Result "1-0"]
[WhiteElo "2416"]
[BlackElo "1992"]
[TimeControl "180+1"]
[EndTime "11:19:06 PDT"]
[Termination "FMchesstrainer won by resignation"]

1. d4 Nf6 2. Bg5 c5 3. d5 e6 4. e4 h6 5. Bxf6 Qxf6 6. Nc3 d6 7.
Nf3 e5 8. Bb5+ Bd7 9. a4 a6 10. Be2 Be7 11. Nd2 O-O 12. Nc4 Bd8 13. O-O Qe7 14.
a5 Bb5 15. Ne3 Bxe2 16. Qxe2 g6 17. f4 exf4 18. Rxf4 Nd7 19. Nc4 Ne5 20. Raf1 Nxc4 21. Qxc4 Qe5 22. b4 Bg5 23. R4f3 Rac8 24. b5 axb5 25.
Qxb5 Rc7 26. Kh1 c4 27. Qb6 Kg7 28. Qxc7 1-0

[Event "*** Titled Tuesday Blitz"]
[Site "Chess.com"]
[Date "2020.05.26"]
[Round "7"]
[White "Chepaschess"]
[Black "valeriocarnicelli"]
[Result "1-0"]
[WhiteElo "2816"]
[BlackElo "2587"]
[TimeControl "180+1"]
[EndTime "11:19:08 PDT"]
[Termination "Chepaschess won by resignation"]

1. Nf3 Nf6 2. c4 g6 3. Nc3 Bg7 4. e4 d6 5. d4 O-O 6. Be2 Na6 7. O-O e5 8. Be3 Ng4 9. Bg5 Qe8 10. Re1 exd4 11.
Nxd4 Qe5 12. Nf3 Qc5 13. Bh4 Be6 14. Rc1 h5 15. h3 Ne5 16. b3 Nxf3+ 17. Bxf3 Qd4 18.
Qe2 Nc5 19. Nb5 Qd3 20. Nxc7 Rac8 21. Nxe6 fxe6 22. Rcd1 Qxe2 23. Rxe2 Be5 24. Be7 Rf7 25.
Bg5 a5 26. Red2 Rc6 27. h4 Ra6 28. Be3 Rc6 29. Kf1 Kf8 30. Ke2 Ke7 31. g3 Kd7 32. Bg2 Bc3 33. Rc2 Be5 34. f4 Bg7 35. e5 1-0

[Event "*** Titled Tuesday Blitz"]
[Site "Chess.com"]
[Date "2020.05.26"]
[Round "7"]
[White "dianosky"]
[Black "Bastiandash"]
[Result "1-0"]
[WhiteElo "2373"]
[BlackElo "2111"]
[TimeControl "180+1"]
[EndTime "11:19:08 PDT"]
[Termination "dianosky won on time"]

1. d4 Nf6 2. c4 e6 3. a3 d5 4. Nc3 dxc4 5. e3 c5 6. Bxc4 cxd4 7. exd4 Nc6 8. d5 exd5 9. Nxd5 Nxd5 10. Qxd5 Qxd5 11.
Bxd5 Be7 12. Nf3 O-O 13. O-O Bf6 14. Rd1 Bg4 15. h3 Bh5 16. Ra2 Rfd8 17. Be3 Ne5 18. b4 Nxf3+ 19. gxf3 Rd7 20. Rad2 1-0

[Event "*** Titled Tuesday Blitz"]
[Site "Chess.com"]
[Date "2020.05.26"]
[Round "7"]
[White "MFguimaraes"]
[Black "GMJustin"]
[Result "1-0"]
[WhiteElo "2500"]
[BlackElo "2314"]
[TimeControl "180+1"]
[EndTime "11:19:09 PDT"]
[Termination "MFguimaraes won on time"]

1. e4 e6 2. d4 d5 3. Bd3 dxe4 4. Bxe4 Nf6 5. Bf3 c5 6. Ne2 Nc6 7. Be3 e5 8. Bxc6+ bxc6 9. dxc5 Qxd1+ 10. Kxd1 Ng4 11. b4 a5 12. c3 Be6 13. Nd2 axb4 14.
cxb4 Rxa2 15. Rxa2 Bxa2 16. Kc2 Bd5 17. Ra1 Be7 18.
g3 O-O 19. Nc3 Nxe3+ 20. fxe3 Be6 21. Ra7 Bg5 22. Rc7 Rc8 23. Rxc8+ Bxc8 24. Nc4 f6 25. e4 Ba6 26. Na5 1-0

[Event "*** Titled Tuesday Blitz"]
[Site "Chess.com"]
[Date "2020.05.26"]
[Round "7"]
[White "Sergey85Rodchenkov"]
[Black "anon569"]
[Result "1-0"]
[WhiteElo "2524"]
[BlackElo "2286"]
[TimeControl "180+1"]
[EndTime "11:19:11 PDT"]
[Termination "Sergey85Rodchenkov won by resignation"]

1. e4 c5 2. Nf3 d6 3. d4 cxd4 4. Nxd4 Nf6 5. Nc3 a6 6. Be2 e6 7.
O-O Be7 8. f4 Nbd7 9. Bf3 Qc7 10. Be3 Nb6 11. Kh1 Nc4 12. Bc1 Bd7 13. b3 Nb6 14.
Bb2 e5 15. fxe5 dxe5 16. Nf5 Bxf5 17. exf5 O-O 18. Qe2 Bb4 19. Ne4 Nfd5 20. c4 Nf4 21.
Qe3 Rfd8 22. Rad1 Rxd1 23. Rxd1 Rd8 24. Rxd8+ Qxd8 25. Bxe5 Nd3 26. Bd4 1-0

[Event "*** Titled Tuesday Blitz"]
[Site "Chess.com"]
[Date "2020.05.26"]
[Round "7"]
[White "Thipsay"]
[Black "Siemba"]
[Result "1-0"]
[WhiteElo "2470"]
[BlackElo "2289"]
[TimeControl "180+1"]
[EndTime "11:19:11 PDT"]
[Termination "Thipsay won on time"]

1. e4 e6 2. d4 d5 3. e5 c5 4. c3 Nc6 5. Nf3 Qb6 6. a3 Bd7 7.
b4 cxb4 8. axb4 a5 9. b5 Na7 10. Na3 Bxa3 11. Bxa3 Bxb5 12. Rb1 Qc6 13. Bc5 Bxf1 14.
Kxf1 Nc8 15. Ng5 Nge7 16. Qh5 Ng6 17. Qf3 Qc7 18. h4 h5 19. c4 a4 20. cxd5 exd5 21.
e6 fxe6 22. Nxe6 Qd7 23. Re1 1-0

[Event "*** Titled Tuesday Blitz"]
[Site "Chess.com"]
[Date "2020.05.26"]
[Round "7"]
[White "freshfoodcompany"]
[Black "MarceloPlaya"]
[Result "0-1"]
[WhiteElo "2203"]
[BlackElo "2361"]
[TimeControl "180+1"]
[EndTime "11:19:13 PDT"]
[Termination "MarceloPlaya won by resignation"]

1. d4 e6 2. c4 Nf6 3. Nc3 Bb4 4. e3 O-O 5. Bd3 c5 6. Ne2 d6 7.
O-O Bxc3 8. bxc3 e5 9. Qc2 Nc6 10. Bb2 b6 11. Rfd1 Qe7 12. Ng3 Re8 13. Ne4 Nxe4 14.
Bxe4 Bb7 15. Bxh7+ Kh8 16. Be4 exd4 17. Bxc6 Bxc6 18.
cxd4 Qg5 19. d5 Bd7 20. Qc3 f6 21. Bc1 Bh3 22. g3 Qg4 23. Qe1 Qf3 24. Qf1 Bxf1 25.
Rxf1 Kg8 26. Re1 Kf7 27. Bb2 Rh8 28. h4 Rxh4 29. gxh4 Rh8 0-1